 Dungeon Crawl Stone Soup version 0.31-a0-233-g139696dc86 (webtiles) character file.

Game seed: 9095635566305916648

117 qw the Shooter (level 4, -2/37 HPs)
             Began as a Minotaur Hexslinger on July 9, 2023.
             Slain by a phantom (4 damage)
             ... on level 3 of the Dungeon.
             The game lasted 00:00:51 (1642 turns).

qw the Shooter (Minotaur Hexslinger)                Turns: 1642, Time: 00:00:51

Health: -2/37      AC:  2    Str: 12    XL:     4   Next: 71%
Magic:  4/4        EV: 12    Int: 10    God:
Gold:   127        SH:  0    Dex: 15    Spells: 4/5 levels left

rFire   . . .        Y - +1 sling
rCold   . . .        (no shield)
rNeg    . . .        c - +0 robe
rPois   .            (helmet restricted)
rElec   .            (no cloak)
rCorr   .            (no gloves)
SInv    .            (no boots)
Will    .....        (no amulet)
Stlth   +            (no ring)
HPRegen 0.26/turn    (no ring)
MPRegen 0.09/turn

%: no passive effects
@: no status effects
A: horns 2, retaliatory headbutt
a: no special abilities


You were on level 3 of the Dungeon.
You visited 1 branch of the dungeon, and saw 3 of its levels.

You collected 127 gold pieces.


Innate Abilities, Weirdness & Mutations

You have a pair of horns on your head.
You reflexively headbutt those who attack you in melee.


   Skills:
 + Level 2.5 Fighting
 - Level 5.0 Ranged Weapons
 - Level 2.1 Dodging
 - Level 1.0 Spellcasting
 - Level 2.0 Hexes


You had 4 spell levels left.
You knew the following spells:

 Your Spells              Type           Power      Damage    Failure   Level
a - Slow                  Hex            16%        N/A       16%         1

Your spell library contained the following spells:

 Spells                   Type           Power      Damage    Failure   Level
 Inner Flame              Hex/Fire       2%         N/A       56%         3
 Portal Projectile        Hex/Tloc       4%         N/A       56%         3
 Cause Fear               Hex            2%         N/A       83%         4

Inventory:

Hand Weapons
 Y - a +1 sling (weapon)
Armour
 b - a +0 ring mail
 c - a +0 robe (worn)
Scrolls
 f - a scroll of torment {unknown}
Potions
 d - a potion of haste {unknown}
 e - a potion of mutation {unknown}
 g - a potion of curing {unknown}

Dungeon Overview and Level Annotations

Branches:
Dungeon (3/15)

Altars:
Ashenzari


Message History

1632 ||| DRINKING potion of heal wounds.
You feel much better. The phantom closely misses you. You furiously retaliate!
You headbutt the phantom. You shoot a sling bullet.
The sling bullet barely misses the phantom.
The phantom hits you.
You shoot a sling bullet.
The sling bullet hits the phantom but does no damage.
The phantom is severely damaged.
The orc priest hits you with a +0 club. The phantom hits you.
The phantom blinks!
You blink.
You shoot a sling bullet.
The sling bullet barely misses the phantom.
The phantom hits you.
You shoot a sling bullet.
The sling bullet hits the phantom but does no damage.
The phantom is severely damaged.
The phantom completely misses you. The phantom barely misses you.
You shoot a sling bullet. The sling bullet hits the phantom.
The phantom is severely damaged.
The orc priest closely misses you. You furiously retaliate!
You headbutt the orc priest. The phantom hits you.
You shoot a sling bullet.
The sling bullet barely misses the phantom.
The orc priest hits you with a +0 club. The phantom barely misses you.
You shoot a sling bullet.
The sling bullet closely misses the phantom.
The orc priest hits you with a +0 club. The phantom hits you!
The phantom blinks!
You blink.
You shoot a sling bullet.
The sling bullet closely misses the phantom.
The phantom closely misses you.
You shoot a sling bullet. The sling bullet hits the phantom.
The phantom is severely damaged.
The orc priest closely misses you. The phantom hits you.
You shoot a sling bullet.
The sling bullet barely misses the phantom.
The orc priest closely misses you. The phantom hits you.
You die...

##......####..P####.#
#########.#PP.#..#.##
###....#####..#W.#
###....#........##.##
###....###.........#..#
)...#### #.......#.##.#
#...# #########%##.#
#...##############%.#.#
#>..#......).#..@.....#
#...#.######...oW....##
#.....# #.........#
#....## #....###....#
#....# #.^..#_#....#
#....### #....#+#....#
#......# ###### ######
....##.# ######.#


You could see a phantom and an orc priest.

Vanquished Creatures
  5 adders
  5 dart slugs
  An orc (D:3)
  8 bats
  5 endoplasms
  3 giant cockroaches (D:1)
  3 goblins
  5 hobgoblins
  2 jackals (D:3)
  5 quokkas
  4 ball pythons (D:2)
  5 frilled lizards
  5 kobolds
  3 rats (D:1)
59 creatures vanquished.

Notes
Turn   | Place    | Note
-------+----------+-------------------------------------------
     0 | D:1      | qw the Minotaur Hexslinger began the quest for the Orb.
     0 | D:1      | Reached XP level 1. HP: 16/16 MP: 1/1
     0 | D:1      | 0 ||| qw: Version: 0.3-a-51-g015441d
     0 | D:1      | 0 ||| qw: Game counter: 3849
     0 | D:1      | 0 ||| qw: Melee chars always use a shield: true
     0 | D:1      | 0 ||| qw: God list: Okawaru
     0 | D:1      | 0 ||| qw: Allow faded altars: false
     0 | D:1      | 0 ||| qw: Do Orc after clearing Dungeon:15 true
     0 | D:1      | 0 ||| qw: Do second Lair branch before Depths: true
     0 | D:1      | 0 ||| qw: Lair rune preference: random
     0 | D:1      | 0 ||| qw: Goals: Normal
     0 | D:1      | 0 ||| PLANNING D:1-11
   167 | D:1      | Reached skill level 3 in Ranged Weapons
   182 | D:1      | Reached XP level 2. HP: 20/23 MP: 2/2
   567 | D:1      | Reached XP level 3. HP: 29/29 MP: 3/3
   660 | D:1      | 660 ||| READING scroll labelled PUUD ECUHUIVYJ.
   661 | D:1      | 661 ||| READING scroll labelled LIESIA QAORU.
   662 | D:1      | 662 ||| DROPPING scroll of poison.
   856 | D:2      | Reached skill level 4 in Ranged Weapons
  1009 | D:2      | Reached XP level 4. HP: 36/36 MP: 4/4
  1321 | D:2      | 1321 ||| READING scroll labelled RERIQEIGHU.
  1322 | D:2      | 1322 ||| DRINKING 2 smoky emerald potions.
  1351 | D:3      | 1351 ||| STAIRDANCE
  1417 | D:3      | Reached skill level 5 in Ranged Weapons
  1511 | D:3      | Found a broken altar of Ashenzari.
  1582 | D:3      | Noticed a phantom
  1584 | D:3      | 1584 ||| FLEEEEING.
  1585 | D:3      | 1585 ||| FLEEEEING.
  1586 | D:3      | 1586 ||| FLEEEEING.
  1587 | D:3      | 1587 ||| FLEEEEING.
  1588 | D:3      | 1588 ||| FLEEEEING.
  1589 | D:3      | 1589 ||| FLEEEEING.
  1590 | D:3      | 1590 ||| FLEEEEING.
  1591 | D:3      | 1591 ||| FLEEEEING.
  1592 | D:3      | 1592 ||| FLEEEEING.
  1593 | D:3      | 1593 ||| FLEEEEING.
  1594 | D:3      | 1594 ||| FLEEEEING.
  1595 | D:3      | 1595 ||| FLEEEEING.
  1596 | D:3      | 1596 ||| FLEEEEING.
  1597 | D:3      | 1597 ||| FLEEEEING.
  1598 | D:3      | 1598 ||| FLEEEEING.
  1599 | D:3      | 1599 ||| FLEEEEING.
  1600 | D:3      | 1600 ||| FLEEEEING.
  1601 | D:3      | 1601 ||| FLEEEEING.
  1602 | D:3      | 1602 ||| FLEEEEING.
  1603 | D:3      | 1603 ||| FLEEEEING.
  1604 | D:3      | 1604 ||| FLEEEEING.
  1605 | D:3      | 1605 ||| FLEEEEING.
  1606 | D:3      | 1606 ||| FLEEEEING.
  1607 | D:3      | 1607 ||| FLEEEEING.
  1608 | D:3      | 1608 ||| FLEEEEING.
  1612 | D:3      | 1612 ||| FLEEEEING.
  1613 | D:3      | 1613 ||| FLEEEEING.
  1614 | D:3      | 1614 ||| FLEEEEING.
  1615 | D:3      | 1615 ||| FLEEEEING.
  1620 | D:3      | 1620 ||| FLEEEEING.
  1621 | D:3      | 1621 ||| FLEEEEING.
  1622 | D:3      | 1622 ||| FLEEEEING.
  1631 | D:3      | HP: 7/37 [phantom (7)]
  1632 | D:3      | 1632 ||| DRINKING potion of heal wounds.
  1639 | D:3      | HP: 4/37 [phantom (7)]
  1641 | D:3      | HP: 1/37 [phantom (3)]
  1642 | D:3      | Slain by a phantom

Levels and vault maps discovered:
D:1:      minmay_arrival_loop, layout_loops_ring
D:2:      layout_basic
D:3:      layout_rooms, ashenzari_conservatory_becter, serial_aquarium,
          aquarium_bridge_square [aquarium_subvault_bridge,
          aquarium_subvault_bridge, aquarium_subvault_bridge,
          aquarium_subvault_wall], aquarium_bridge_square
          [aquarium_subvault_window, aquarium_subvault_bridge,
          aquarium_subvault_bridge, aquarium_subvault_bridge],
          aquarium_window_fake, aquarium_window_2, aquarium_window_1,
          aquarium_window_fake, aquarium_view_2b, aquarium_pool_split, uniq_ijyb

Skill      XL: |  1  2  3  4 |
---------------+-------------+-----
Ranged Weapons | 3 4 5 |  5.0
Fighting       | 2 |  2.5
Dodging        | |  2.1
Spellcasting   | |  1.0
Hexes          | |  2.0

Action                     |  1- 3 |  4- 6 || total
---------------------------+-------+-------++-------
   Fire: Sling             |   114 |    75 ||   189
    Use: Scroll            |     2 |     1 ||     3
         Potion            |       |     2 ||     2
 Armour: Robe              |    12 |     2 ||    14
  Dodge: Dodged            |    26 |    25 ||    51

Table legend:
 A = Non-vault XP
 B = Vault XP
 C = Vault XP percentage of total XP
 D = Non-vault monster count
 E = Vault monster count
 F = Vault count percentage of total count
                 A         B        C        D         E       F
            +---------+---------+-------+---------+---------+-------
      Total |     168 |       0 |   0.0 |      59 |       0 |   0.0
            +---------+---------+-------+---------+---------+-------
        D:1 |      42 |       0 |   0.0 |      24 |       0 |   0.0
        D:2 |      92 |       0 |   0.0 |      24 |       0 |   0.0
        D:3 |      34 |       0 |   0.0 |      11 |       0 |   0.0
            +---------+---------+-------+---------+---------+-------
